 Dungeon Crawl Stone Soup version 0.31-a0-257-gf185e81a89 (webtiles) character file.

Game seed: 2545476124717072202

596 qw the Shooter (level 7, -10/44 HPs)
             Began as a Gargoyle Hexslinger on July 12, 2023.
             Mangled by Edmund
             ... wielding a +2 dire flail of draining
              (12 damage)
             ... on level 4 of the Dungeon.
             The game lasted 00:01:26 (3582 turns).

qw the Shooter (Gargoyle Hexslinger)                Turns: 3582, Time: 00:01:27

Health: -10/44     AC: 11    Str: 11    XL:     7   Next: 40%
Magic:  8/8        EV: 10    Int: 17    God:
Gold:   117        SH:  0    Dex: 13    Spells: 7/8 levels left

rFire   . . .        Y - +2 sling
rCold   . . .        (no shield)
rNeg    + . .        e - +0 ring mail
rPois   inf          (no helmet)
rElec   +            (no cloak)
rCorr   .            c - +0 pair of gloves
SInv    .            (no boots)
Will    .....        (no amulet)
Stlth   +            (no ring)
HPRegen 0.27/turn    (no ring)
MPRegen 0.11/turn

%: no passive effects
@: no status effects
A: sickness immunity, AC +4, negative energy resistance 1, electricity
resistance, torment resistance 1, petrification resistance, clever 1
a: no special abilities


You were on level 4 of the Dungeon.
You visited 2 branches of the dungeon, and saw 5 of its levels.

You collected 117 gold pieces.


Innate Abilities, Weirdness & Mutations

You are immune to sickness and miasma.
Your stone body is resilient. (AC +4)
You are immune to poison.
You resist negative energy. (rN+)
You are resistant to electric shocks. (rElec)
You are resistant to unholy torment.
You are immune to petrification.
Your mind is acute. (Int +4, Str/Dex -1)


   Skills:
 - Level 5.5 Fighting
 + Level 6.0 Ranged Weapons
 - Level 1.0 Armour
 - Level 1.5 Dodging
 - Level 1.0 Spellcasting
 - Level 2.6 Hexes


You had 7 spell levels left.
You knew the following spells:

 Your Spells              Type           Power      Damage    Failure   Level
a - Slow                  Hex            36%        N/A       17%         1

Your spell library contained the following spells:

 Spells                   Type           Power      Damage    Failure   Level
 Inner Flame              Hex/Fire       5%         N/A       65%         3
 Portal Projectile        Hex/Tloc       10%        N/A       65%         3
 Cause Fear               Hex            4%         N/A       86%         4

Inventory:

Hand Weapons
 Y - a +2 sling (weapon)
Armour
 c - a +0 pair of gloves (worn)
 e - a +0 ring mail (worn)
Potions
 a - a potion of invisibility {unknown}
 b - a potion of mutation
 d - a potion of heal wounds {unknown}
 f - 2 potions of lignification {unknown}

Dungeon Overview and Level Annotations

Branches:
Dungeon (4/15)             Temple (1/1) D:4

Altars:
Ashenzari
Cheibriados
Elyvilon
Fedhas
Gozag
Kikubaaqudgha
Makhleb
Ru
Sif Muna
Wu Jian
Xom
Yredelemnul

Annotations:
D:2 1 runed translucent door, Crazy Yiuf
D:3 3 runed translucent doors, qw's ghost, amateur GrHs
D:4 Edmund


Message History

You shoot a sling bullet. The sling bullet closely misses Edmund.
The jackal barely misses you.
Edmund hits you with a +2 dire flail of draining!
The jackal bites you but does no damage.
You shoot a sling bullet. The sling bullet closely misses Edmund.
The jackal bites you but does no damage.
Edmund barely misses you.
The jackal bites you but does no damage.
You shoot a sling bullet. The sling bullet closely misses Edmund.
Edmund says, "People think my brother is the best.
I think he's crazy."
Edmund hits you but does no damage.
The jackal bites you but does no damage.
Edmund hits you with a +2 dire flail of draining.
You shoot a sling bullet. The sling bullet hits Edmund.
Edmund is moderately wounded.
The jackal bites you but does no damage. x2
Edmund completely misses you.
You shoot a sling bullet.
The sling bullet hits Edmund but does no damage.
Edmund is moderately wounded.
The jackal bites you but does no damage.
Edmund hits you with a +2 dire flail of draining.
The jackal barely misses you.
You shoot a sling bullet. The sling bullet hits Edmund.
Edmund is moderately wounded.
The jackal barely misses you. Edmund misses you. The jackal closely misses you.
You shoot a sling bullet. The sling bullet hits Edmund.
Edmund is heavily wounded.
Edmund hits you but does no damage.
The jackal bites you but does no damage.
Edmund hits you with a +2 dire flail of draining!
You shoot a sling bullet. The sling bullet hits Edmund!
Edmund is severely wounded.
The jackal misses you.
The jackal bites you but does no damage.
Edmund hits you but does no damage.
You shoot a sling bullet. The sling bullet barely misses Edmund.
The jackal bites you but does no damage.
Edmund hits you with a +2 dire flail of draining!
You die...

....## #.... ..
#...##..... . .
#.....# ### ..##.
##.>..# ....#. #
.....##....##
....#.
......##...# .)..#
.....>.##..# ....#
.....#h..#.###....
......@@....#..#
.%..####......##
.. ##..#...#######
##..#..#.....##.
##...>.........
##..........##.
#..#..%.....##?
#.....#......#.
######........#


You could see Edmund and a jackal.

Vanquished Creatures
  Grinder (D:4)
  Sigmund (D:2)
  A scorpion (D:4)
  Jessica (D:3)
  An iguana (D:3)
  3 gnolls (D:3)
  An adder (D:3)
  3 dart slugs
  An orc (D:3)
  12 ball pythons
  2 endoplasms
  4 giant cockroaches
  5 goblins
  A hobgoblin (D:1)
  11 jackals
  4 quokkas
  7 bats
  5 frilled lizards
  9 kobolds
  3 rats
76 creatures vanquished.

Notes
Turn   | Place    | Note
-------+----------+-------------------------------------------
     0 | D:1      | qw the Gargoyle Hexslinger began the quest for the Orb.
     0 | D:1      | Reached XP level 1. HP: 12/12 MP: 2/2
     0 | D:1      | 0 ||| qw: Version: 0.3-a-52-g30416fa
     0 | D:1      | 0 ||| qw: Game counter: 6780
     0 | D:1      | 0 ||| qw: Melee chars always use a shield: true
     0 | D:1      | 0 ||| qw: God list: Okawaru
     0 | D:1      | 0 ||| qw: Allow faded altars: false
     0 | D:1      | 0 ||| qw: Do Orc after clearing Dungeon:15 true
     0 | D:1      | 0 ||| qw: Do second Lair branch before Depths: true
     0 | D:1      | 0 ||| qw: Lair rune preference: random
     0 | D:1      | 0 ||| qw: Goals: Normal
     0 | D:1      | 0 ||| PLANNING D:1-11
   178 | D:1      | Reached XP level 2. HP: 16/16 MP: 3/3
   274 | D:1      | Reached skill level 3 in Ranged Weapons
   760 | D:1      | Reached XP level 3. HP: 20/21 MP: 4/4
   925 | D:1      | 925 ||| UPGRADING to +0 ring mail.
   935 | D:1      | 935 ||| DROPPING +0 robe.
   936 | D:1      | 936 ||| DROPPING ring of flight.
   937 | D:1      | 937 ||| READING scroll labelled PYPSOX ONUWKU.
   938 | D:1      | 938 ||| READING scroll labelled HAZUOCL ESAI.
   939 | D:1      | 939 ||| READING scroll labelled ZIPEHUR KUXOY.
   940 | D:1      | 940 ||| READING scroll labelled BUSYFR LUEQ.
   941 | D:1      | 941 ||| DROPPING scroll of poison.
   999 | D:2      | Found a broken altar of Ashenzari.
  1001 | D:2      | Noticed Sigmund
  1005 | D:2      | 1005 ||| STAIRDANCE
  1036 | D:2      | 1036 ||| STAIRDANCE
  1048 | D:2      | 1048 ||| STAIRDANCE
  1050 | D:2      | 1050 ||| STAIRDANCE
  1052 | D:2      | 1052 ||| STAIRDANCE
  1054 | D:2      | 1054 ||| STAIRDANCE
  1121 | D:2      | 1121 ||| STAIRDANCE
  1123 | D:2      | 1123 ||| STAIRDANCE
  1166 | D:2      | 1166 ||| STAIRDANCE
  1183 | D:2      | 1183 ||| STAIRDANCE
  1185 | D:2      | 1185 ||| STAIRDANCE
  1197 | D:2      | 1197 ||| STAIRDANCE
  1250 | D:2      | 1250 ||| STAIRDANCE
  1288 | D:2      | 1288 ||| STAIRDANCE
  1312 | D:2      | 1312 ||| STAIRDANCE
  1321 | D:2      | 1321 ||| STAIRDANCE
  1323 | D:2      | 1323 ||| STAIRDANCE
  1336 | D:2      | 1336 ||| STAIRDANCE
  1363 | D:2      | 1363 ||| STAIRDANCE
  1392 | D:2      | 1392 ||| STAIRDANCE
  1431 | D:2      | Killed Sigmund
  1432 | D:2      | Reached skill level 5 in Ranged Weapons
  1432 | D:2      | Reached XP level 4. HP: 17/26 MP: 5/5
  1432 | D:2      | Reached XP level 5. HP: 19/30 MP: 6/6
  1502 | D:2      | Found a runed translucent door.
  1503 | D:2      | Noticed Crazy Yiuf
  1800 | D:2      | Reached skill level 1 in Armour
  2220 | D:2      | 2220 ||| UPGRADING to +0 pair of gloves.
  2225 | D:2      | 2225 ||| DRINKING 2 pink potions.
  2225 | D:2      | Gained mutation: Your mind is acute. (Int +4, Str/Dex -1)
                  | [potion of mutation]
  2334 | D:3      | Found a runed translucent gate.
  2336 | D:3      | Found a runed translucent gate.
  2337 | D:3      | Found a runed translucent gate.
  2337 | D:3      | Noticed qw's ghost (amateur GrHs)
  2337 | D:3      | Noticed a kobold brigand
  2443 | D:3      | Reached XP level 6. HP: 35/35 MP: 7/7
  2750 | D:3      | Found a faded altar of an unknown god.
  2775 | D:3      | Reached skill level 3 in Fighting
  2942 | D:3      | Noticed Jessica
  2950 | D:3      | Killed Jessica
  3122 | D:4      | Reached skill level 6 in Ranged Weapons
  3219 | D:4      | Found a staircase to the Ecumenical Temple.
  3220 | D:4      | 3220 ||| PLANNING TEMPLE
  3223 | D:4      | Noticed Grinder
  3234 | D:4      | Paralysed by Grinder for 5 turns
  3246 | D:4      | Paralysed by Grinder for 5 turns
  3252 | D:4      | HP: 8/38 [Grinder (2)]
  3258 | D:4      | Paralysed by Grinder for 2 turns
  3259 | D:4      | HP: 4/38 [Grinder (3)]
  3266 | D:4      | Killed Grinder
  3267 | D:4      | Reached XP level 7. HP: 7/44 MP: 8/8
  3405 | Temple   | Entered the Ecumenical Temple
  3548 | Temple   | 3548 ||| PLANNING D:1-11
  3566 | D:4      | Noticed Edmund
  3578 | D:4      | HP: 10/44 [Edmund/+2 dire flail of draining (5)]
  3580 | D:4      | HP: 1/44 [Edmund/+2 dire flail of draining (10)]
  3582 | D:4      | Mangled by Edmund

Levels and vault maps discovered:
D:1:      heliophobic_arrival_battle_scene, layout_loops_corners
D:2:      layout_loops_ring, basic_altar, kennysheep_generic_room_9,
          uniq_crazy_yiuf_cottage, uniq_sigmund
D:3:      minmay_evil_eye, layout_loops_cross,
          ebering_ecumenical_altar_sacrificial, gammafunk_ghost_nasty_kobolds,
          uniq_jessica
D:4:      minmay_spotlight, layout_rooms,
          nicolae_hepliaklqana_monster_ancestors, nicolae_uskayaw_suspiria,
          minmay_temple_entry_wispy, serial_aquarium, aquarium_bridge_square
          [aquarium_subvault_window, aquarium_subvault_bridge,
          aquarium_subvault_wall, aquarium_subvault_wall], aquarium_window_fake,
          aquarium_window_fake, aquarium_window_fake, aquarium_view_2c,
          aquarium_view_2b, serial_shops, nicolae_shop_gaudy_bauble,
          uniq_blork_the_orc, uniq_edmund, uniq_grinder
Temple:   hellmonk_temple_flake

Skill      XL: |  1  2  3  4  5  6 |
---------------+-------------------+-----
Ranged Weapons | 3 5 6 |  6.0
Fighting       | 2 5 |  5.5
Armour         | 1 |  1.0
Dodging        | |  1.5
Spellcasting   | |  1.0
Hexes          | |  2.6

Action                     |  1- 3 |  4- 6 |  7- 9 || total
---------------------------+-------+-------+-------++-------
   Fire: Sling             |   101 |   183 |    16 ||   300
    Use: Scroll            |     4 |       |       ||     4
         Potion            |       |     1 |       ||     1
 Armour: Robe              |    10 |       |       ||    10
         Ring mail         |    15 |    62 |    16 ||    93
  Dodge: Dodged            |    45 |    65 |    11 ||   121

Table legend:
 A = Non-vault XP
 B = Vault XP
 C = Vault XP percentage of total XP
 D = Non-vault monster count
 E = Vault monster count
 F = Vault count percentage of total count
                 A         B        C        D         E       F
            +---------+---------+-------+---------+---------+-------
      Total |     247 |     605 |  71.0 |      69 |       7 |   9.2
            +---------+---------+-------+---------+---------+-------
        D:1 |      49 |       0 |   0.0 |      29 |       0 |   0.0
        D:2 |      30 |     232 |  88.5 |      18 |       2 |  10.0
        D:3 |      81 |      78 |  49.1 |      17 |       4 |  19.0
        D:4 |      87 |     295 |  77.2 |       5 |       1 |  16.7
            +---------+---------+-------+---------+---------+-------
